 Dungeon Crawl Stone Soup version 0.29-a0-375-g5102b3be25 (webtiles) character file.

Game seed: 8034474668701860214

59 bastard the Poker (level 4, 0/49 HPs)
             Began as a Merfolk Gladiator on May 3, 2022.
             Slain by a hobgoblin (4 damage)
             ... on level 2 of the Dungeon.
             The game lasted 00:01:29 (1133 turns).

bastard the Poker (Merfolk Gladiator)               Turns: 1133, Time: 00:01:30

Health: 0/49       AC: 22    Str: 14    XL:     4   Next: 3%
Magic:  4/4        EV:  2    Int:  7    God:
Gold:   84         SH:  0    Dex: 17    Spells: 3/3 levels left

rFire   . . .      SeeInvis .   a - +0 trident
rCold   . . .      Faith    .   (no shield)
rNeg    . . .      Spirit   .   (body armour currently unavailable)
rPois   +          Reflect  .   (helmet currently unavailable)
rElec   .          Harm     .   (cloak currently unavailable)
rCorr   .          Rampage  .   (gloves currently unavailable)
Will    .....      NoTele   +   (boots currently unavailable)
Stlth   ++........              (no amulet)
HPRegen 0.16/turn               (no ring)
MPRegen 0.09/turn               (no ring)

@: mighty, lethally poisoned (0 -> -1), tree-form
A: stationary, stasis, torment immunity, boosted hp, (nimble swimmer 2),
(mertail)
a: no special abilities


You were on level 2 of the Dungeon.
You were a tree.
You visited 1 branch of the dungeon, and saw 2 of its levels.

You collected 84 gold pieces.

Inventory:

Hand Weapons
 a - a +0 trident (weapon)
Missiles
 d - 3 throwing nets (quivered)
 e - a javelin
Armour
 b - a +0 leather armour (melded)
 c - a +0 helmet (melded)
Jewellery
 h - a +6 ring of dexterity
Scrolls
 f - a scroll of poison
 g - a scroll of teleportation
 k - a scroll of magic mapping


   Skills:
 - Level 2.1 Fighting
 + Level 6.3 Polearms
 - Level 2.0 Throwing
 - Level 4.0 Dodging


You had 3 spell levels left.
You didn't know any spells.
Your spell library was empty.

Dungeon Overview and Level Annotations

Branches:
Dungeon (2/15)

Altars:


Innate Abilities, Weirdness & Mutations

You are a tree.
Your roots penetrate the ground, keeping you stationary.
You cannot be teleported.
You are immune to unholy pain and torment.
Your maximum health is greatly increased.
Your equipment is partially melded.
((You are very nimble when in or above water. (Stealth+, EV+, Speed+++)))
((Your lower body shifts to a powerful aquatic tail in water.))


Message History

The rat is heavily wounded.
The bat completely misses you. The hobgoblin hits you.
The rat barely misses you.
The goblin shoots a sling bullet.
The sling bullet closely misses you.
You barely miss the rat.
The rat is heavily wounded.
The adder bites you.
* * * LOW HITPOINT WARNING * * *
You are poisoned.
The adder poisons you! The hobgoblin hits you.
* * * LOW HITPOINT WARNING * * *
The rat bites you but does no damage.
The goblin shoots a sling bullet.
The sling bullet closely misses you.
It was a potion of flight.
You feel very buoyant.
You fly up into the air.
* * * LOW HITPOINT WARNING * * *
You feel sick. The adder barely misses you.
The hobgoblin hits you but does no damage.
The rat misses you.
The goblin shoots a sling bullet.
The sling bullet barely misses you. The adder closely misses you.
Really quaff the potion of lignification? [Y]es or [N]o only, please.
Really quaff the potion of lignification? [Y]es or [N]o only, please.
Really quaff the potion of lignification?
You turn into a tree.
Your +0 helmet melds into your body.
Your +0 leather armour melds into your body.
Your roots penetrate the ground.
You feel sick. The hobgoblin barely misses you.
The adder bites you but does no damage. The rat bites you but does no damage.
The goblin shoots a sling bullet.
The sling bullet hits you but does no damage.
You feel very mighty all of a sudden.
You feel sick. The adder bites you but does no damage.
The hobgoblin hits you but does no damage.
The rat bites you but does no damage.
The goblin shoots a sling bullet.
The sling bullet hits you but does no damage.
You barely miss the adder.
You feel sick. The adder bites you but does no damage. The hobgoblin hits you.
You die...

## #.#.###.#.#.#
#...........#
#######..##.#####
........###.#
#######.# #.# #.#
#.# ## #.# #.#
.#...###r###.#
..!...g..♣##.#
.......#gS#
##......lb#
#.....#..#
#.........
.......#..##
..........#
.......##..


You could see an adder, a hobgoblin, a goblin, a bat, a frilled lizard and a
rat.

Vanquished Creatures
  A howler monkey (D:2)
  A dart slug (D:1)
  3 bats
  An endoplasm (D:1)
  2 hobgoblins (D:1)
  6 jackals (D:1)
  A kobold (D:1)
  A quokka (D:1)
  3 ball pythons
  A frilled lizard (D:1)
  A goblin (D:2)
  2 rats
23 creatures vanquished.

Notes
Turn   | Place    | Note
-------+----------+-------------------------------------------
     0 | D:1      | bastard the Merfolk Gladiator began the quest for the Orb.
     0 | D:1      | Reached XP level 1. HP: 16/16 MP: 1/1
   105 | D:1      | Reached XP level 2. HP: 22/22 MP: 2/2
   165 | D:1      | Reached skill level 5 in Polearms
  1002 | D:2      | Reached XP level 3. HP: 27/27 MP: 3/3
  1126 | D:2      | Reached skill level 6 in Polearms
  1126 | D:2      | Reached XP level 4. HP: 14/33 MP: 4/4
  1133 | D:2      | Slain by a hobgoblin

Illustrated notes

Levels and vault maps discovered:
D:1:      evilmike_arrival_crescent, layout_basic
D:2:      layout_loops_ring, minmay_surrounded

Skill      XL: |  1  2  3 |
---------------+----------+-----
Polearms       | 5 6 |  6.3
Fighting       | |  2.1
Throwing       | |  2.0
Dodging        | |  4.0

Action                   |  1- 3 |  4- 6 || total
-------------------------+-------+-------++-------
Melee: Trident           |    69 |     5 ||    74
  Use: Scroll            |     6 |       ||     6
       Potion            |       |     3 ||     3
Armor: Leather armour    |    14 |     2 ||    16
       Skin              |       |     8 ||     8
Dodge: Dodged            |    41 |    16 ||    57

Table legend: (Time is in decaauts)
 A = Elapsed time spent in this place.
 B = Non-inter-level travel time spent in this place.
 C = Inter-level travel time spent in this place.
 D = Time resting spent in this place.
 E = Time spent auto-exploring this place.
 F = Levels seen in this place.
 G = Mean time per level.
                   A        B        C        D        E       F      G
               +--------+--------+--------+--------+--------+-----+--------+
         Total |   1136 |   1127 |      9 |      0 |    969 |   2 |  568.0 |
       Dungeon |   1136 |   1127 |      9 |      0 |    969 |   2 |  568.0 |
               +--------+--------+--------+--------+--------+-----+--------+

Top non-repeatable levels by time:
     D:1: 906 daAuts
     D:2: 230 daAuts
